Bears vs Phantoms

Created - Monday, January 25, 2016 at 12:16

Goals
1 2 3 OT1 T
Bears 0 1 0 1 2
Phantoms 0 0 1 0 1
Shots
1 2 3 OT1 T
Bears 10 3 5 2 20
Phantoms 9 6 14 0 29

1st period

No Goal

Penalties :
Deryk Engelland (LEH) for Fighting (Major) at 1:57, Matt Carkner (Her) for Fighting (Major) at 1:57, Kyle Clifford (Her) for Boarding (Minor) at 7:33, Brandon Burlon (Her) for Hooking (Minor) at 16:12

2nd period

1. Bears , Kyle Clifford 7 (Marko Dano, Jeremy Langlois) at 0:14

Penalties :
Garrett Wilson (LEH) for Roughing (Double Minor) at 0:17, Deryk Engelland (LEH) for Fighting (Major) at 17:11, Matt Carkner (Her) for Fighting (Major) at 17:11, Steve MacIntyre (LEH) for Cross-checking (Minor) at 18:59

3rd period

2. Phantoms , Chris Neil 14 (Martin Gernat, Nathan Longpre) at 10:27

Penalties :
Brandon Burlon (Her) for Goalie Interference (Minor) at 1:11, Keegan Lowe (LEH) for Checking from behind (Minor) at 3:34, Deryk Engelland (LEH) for Fighting (Major / Game Misconduct) at 6:27, Justin Florek (Her) for Fighting (Major) at 6:27, Deryk Engelland (LEH) for instigated a fight (Minor) at 6:27, Deryk Engelland (LEH) for instigated a fight (10 Minutes Misconduct) at 6:27, Steve MacIntyre (LEH) for Fighting (Major) at 7:20, Matt Carkner (Her) for Fighting (Major / Game Misconduct) at 7:20, Brandon Burlon (Her) for Hooking (Minor) at 7:54, Philip Samuelsson (Her) for Interference (Minor) at 10:44

Overtime #1

3. Bears , Marko Dano 12 (Brandon Burlon, Kyle Clifford) at 0:10

Penalties :
No Penalty

Goalie Stats

John Gibson (Her), 28 saves from 29 shots - (0.966), W, 12-9-3, 60:10 minutes
Marek Mazanec (LEH), 18 saves from 20 shots - (0.900), OTL, 25-9-13, 60:10 minutes

Players Stats for Bears

Player Name              G  A  P  +/- PIM S  H  SB GA TA FO     MP     PP MP  PK MP  
------------------------------------------------------------------------------------
Andreas Athanasiou       0  0  0   0  0   1  0  0  0  0  0/0     4:23   0:26   0:00 
Brandon Burlon           0  1  1   1  6   0  1  1  2  0  0/0    22:00   5:12   2:45 
Chad LaRose              0  0  0   0  0   0  1  0  6  1  0/0    16:57   4:02   0:00 
David Dziurzynski        0  0  0  -1  0   1  1  0  0  0  0/0     6:49   0:26   0:18 
Jeremy Langlois          0  1  1   1  0   1  1  0  1  0  1/1    13:48   3:41   0:00 
Jesse Root               0  0  0  -1  0   4  0  1  0  1  8/15   16:38   0:00   2:14 
Julian Melchiori         0  0  0  -1  0   0  1  1  0  0  0/0    18:01   1:22   0:00 
Justin Florek            0  0  0   0  5   0  0  2  1  1  0/0    15:28   0:00   2:23 
Kyle Clifford            1  1  2   2  2   5  0  1  5  2  4/9    22:13   3:29   5:28 
Kyle Cumiskey            0  0  0  -1  0   1  0  5  0  1  0/0    22:25   2:27   5:30 
Ludwig Bystrom           0  0  0   0  0   0  0  3  0  1  0/0     3:55   0:00   0:00 
Marko Dano               1  1  2   2  0   4  0  0  3  0  4/15   23:23   3:29   7:01 
Matt Carkner             0  0  0   0  25  0  3  0  0  1  0/0    10:59   2:29   1:46 
Nathan McIver            0  0  0   0  0   1  1  1  0  0  0/0    18:14   0:00   5:16 
Patrick Holland          0  0  0   0  0   1  0  1  1  0  1/1    13:43   0:14   0:00 
Philip Samuelsson        0  0  0   2  2   0  2  0  1  1  0/0    25:46   4:24   4:43 
Stefan Matteau           0  0  0   0  0   0  3  2  0  1  1/1    19:12   4:02   2:36 
Tyler Brown              0  0  0   0  0   1  0  0  4  0  4/8    17:24   4:02   0:27 

Players Stats for Phantoms

Player Name              G  A  P  +/- PIM S  H  SB GA TA FO     MP     PP MP  PK MP  
------------------------------------------------------------------------------------
Ben Street               0  0  0  -2  0   2  0  0  1  2  9/17   21:33   5:19   4:46 
Brian Strait             0  0  0  -2  0   5  1  3  2  3  0/0    27:21   6:14   5:40 
Bryan Lerg               0  0  0   0  0   0  1  1  0  0  0/0    16:32   4:14   0:42 
Byron Froese             0  0  0   0  0   0  1  2  2  1  6/11   16:22   4:10   1:26 
Chris Langkow            0  0  0   1  0   1  0  0  1  0  3/5    15:02   0:00   1:55 
Chris Neil               1  0  1   0  0   5  1  1  2  2  3/7    22:04   4:20   4:25 
Deryk Engelland          0  0  0  -1  37  1  1  0  0  0  0/0    13:54   2:41   1:30 
Erik Burgdoerfer         0  0  0   0  0   0  0  0  0  0  0/0     0:00   0:00   0:00 
Garrett Wilson           0  0  0  -1  4   5  3  0  4  0  0/1    17:41   5:45   0:32 
Greg Zanon               0  0  0   0  0   1  1  2  0  0  0/0    23:51   3:41   2:17 
Jared Nightingale        0  0  0   0  0   0  0  0  0  0  0/0     1:15   0:00   0:00 
Keegan Lowe              0  0  0   1  2   1  3  0  0  0  0/0    16:13   0:00   0:47 
Martin Gernat            0  1  1  -1  0   2  0  3  0  2  0/0    26:42   6:14   0:00 
Nathan Longpre           0  1  1   1  0   3  0  0  2  1  6/9    12:26   0:00   0:00 
Stephen Johns            0  0  0   0  0   0  2  3  1  3  0/0    23:35   3:41   5:40 
Steve MacIntyre          0  0  0   0  7   2  0  1  1  0  0/0    12:19   0:00   0:00 
Stu Bickel               0  0  0   0  0   1  3  0  0  1  0/0     6:42   0:23   0:00 
Tom Sestito              0  0  0   0  0   0  3  1  0  0  0/0    18:59   2:53   2:08 

3 Stars

1 - Marko Dano (Her)
2 - John Gibson (Her)
3 - Kyle Clifford (Her)

Power Play

Bears - 0 on 5 Attempt(s) - 0.00%
Phantoms - 0 on 5 Attempt(s) - 0.00%

Penalty Kill

Bears - 5 on 5 Attempt(s) - 100.00% - Score 0 goal in Penalty Kill
Phantoms - 5 on 5 Attempt(s) - 100.00% - Score 0 goal in Penalty Kill

Team Stat

Bears - Hits : 14 - Faceoff Wins : 23 - Blocked Shots : 18 - Penalty Minutes : 40
Phantoms - Hits : 20 - Faceoff Wins : 27 - Blocked Shots : 17 - Penalty Minutes : 50

Official

Referees : Unknown
Linesman : Unknown

Game Notes

Deryk Engelland and Matt Carkner fight to a draw at 1:57 of 1st period
Ludwig Bystrom is injured at 15:47 of 1st period (Sprained Left Ankle)
Deryk Engelland and Matt Carkner fight to a draw at 17:11 of 2nd period
Deryk Engelland and Justin Florek fight to a draw at 6:27 of 3rd period
Deryk Engelland ejected from game at 6:27 of 3rd period
Deryk Engelland from Phantoms is suspended for 2 game(s)
Steve MacIntyre and Matt Carkner fight to a draw at 7:20 of 3rd period
Matt Carkner ejected from game at 7:20 of 3rd period

Finance

Level 1 -- Attendance: 1538 (76.90%) -- Ticket Income $18,456
Level 2 -- Attendance: 794 (79.40%) -- Ticket Income $3,970
Total Attendance: 2332 (77.73%)
Total Ticket Income: $22,426
Other Income: $10,989
Total Income: $33,415

Bears

5 vs 5 Forward 
   Center                   Left Wing                Right Wing               Time % Phy DF OF 
 1 Marko Dano               Kyle Clifford            Jeremy Langlois          35     1   2  2  
 2 Tyler Brown              Stefan Matteau           Chad LaRose              30     1   2  2  
 3 Jesse Root               Justin Florek            Patrick Holland          22     1   2  2  
 4 Kyle Clifford            David Dziurzynski        Marko Dano               13     1   2  2  

5 vs 5 Defense 
   Defense                  Defense                                           Time % Phy DF OF 
 1 Philip Samuelsson        Brandon Burlon                                    35     1   2  2  
 2 Matt Carkner             Kyle Cumiskey                                     30     1   2  2  
 3 Julian Melchiori         Ludwig Bystrom                                    22     1   2  2  
 4 Nathan McIver            Philip Samuelsson                                 13     1   2  2  

PowerPlay Forward 
   Center                   Left Wing                Right Wing               Time % Phy DF OF 
 1 Marko Dano               Kyle Clifford            Jeremy Langlois          60     1   2  2  
 2 Tyler Brown              Stefan Matteau           Chad LaRose              40     1   2  2  

PowerPlay Defense
   Defense                  Defense                                           Time % Phy DF OF 
 1 Philip Samuelsson        Brandon Burlon                                    60     1   2  2  
 2 Matt Carkner             Kyle Cumiskey                                     40     1   2  2  

Penalty Kill 4 Players Forward 
   Center                   Wing                     Time % Phy DF OF 
 1 Kyle Clifford            Marko Dano               60     1   2  2  
 2 Stefan Matteau           Justin Florek            40     1   2  2  

Penalty Kill 4 Players Defense
   Defense                  Defense                  Time % Phy DF OF 
 1 Philip Samuelsson        Brandon Burlon           60     1   2  2  
 2 Matt Carkner             Kyle Cumiskey            40     1   2  2  

Penalty Kill - 3 Players Forward 
   Forward                                           Time % Phy DF OF 
 1 Kyle Clifford                                     60     1   2  2  
 2 Marko Dano                                        40     1   2  2  

Penalty Kill - 3 Players Defense
   Defense                  Defense                  Time % Phy DF OF 
 1 Philip Samuelsson        Brandon Burlon           60     1   2  2  
 2 Matt Carkner             Kyle Cumiskey            40     1   2  2  

4 vs 4 Forward 
   Center                   Wing                     Time % Phy DF OF 
 1 Kyle Clifford            Marko Dano               60     1   2  2  
 2 Stefan Matteau           Justin Florek            40     1   2  2  

4 vs 4 Defense
   Defense                  Defense                  Time % Phy DF OF 
 1 Philip Samuelsson        Brandon Burlon           60     1   2  2  
 2 Matt Carkner             Kyle Cumiskey            40     1   2  2  

Last Minutes Offensive
   Center                   Left Wing                Right Wing               Defense                  Defense                  
   Marko Dano               Kyle Clifford            Jeremy Langlois          Philip Samuelsson        Brandon Burlon           

Last Minutes Defensive
   Center                   Left Wing                Right Wing               Defense                  Defense                  
   Marko Dano               Kyle Clifford            Jeremy Langlois          Philip Samuelsson        Brandon Burlon           

Goaltenders
Starting : John Gibson              
Backup : Patrik Bartosak          

Extra Forwards
Normal : Andreas Athanasiou, David Dziurzynski, Jesse Root - PP : Andreas Athanasiou, David Dziurzynski - PK : Jesse Root
Extra Defensemen
Normal : Julian Melchiori, Ludwig Bystrom, Nathan McIver - PP : Julian Melchiori - PK : Ludwig Bystrom, Nathan McIver
Penalty Shots
Kyle Clifford, Marko Dano, Stefan Matteau, Justin Florek, Jeremy Langlois

Phantoms

5 vs 5 Forward 
   Center                   Left Wing                Right Wing               Time % Phy DF OF 
 1 Ben Street               Garrett Wilson           Deryk Engelland          35     1   2  2  
 2 Byron Froese             Bryan Lerg               Chris Neil               30     1   2  2  
 3 Chris Langkow            Tom Sestito              Deryk Engelland          22     1   2  2  
 4 Nathan Longpre           Steve MacIntyre          Deryk Engelland          13     1   2  2  

5 vs 5 Defense 
   Defense                  Defense                                           Time % Phy DF OF 
 1 Martin Gernat            Brian Strait                                      35     1   2  2  
 2 Greg Zanon               Stephen Johns                                     30     1   2  2  
 3 Martin Gernat            Keegan Lowe                                       22     1   2  2  
 4 Greg Zanon               Brian Strait                                      13     1   2  2  

PowerPlay Forward 
   Center                   Left Wing                Right Wing               Time % Phy DF OF 
 1 Ben Street               Garrett Wilson           Deryk Engelland          60     1   2  2  
 2 Byron Froese             Bryan Lerg               Chris Neil               40     1   2  2  

PowerPlay Defense
   Defense                  Defense                                           Time % Phy DF OF 
 1 Martin Gernat            Brian Strait                                      60     1   2  2  
 2 Greg Zanon               Stephen Johns                                     40     1   2  2  

Penalty Kill 4 Players Forward 
   Center                   Wing                     Time % Phy DF OF 
 1 Chris Neil               Ben Street               60     1   2  2  
 2 Garrett Wilson           Byron Froese             40     1   2  2  

Penalty Kill 4 Players Defense
   Defense                  Defense                  Time % Phy DF OF 
 1 Stephen Johns            Brian Strait             60     1   2  2  
 2 Deryk Engelland          Greg Zanon               40     1   2  2  

Penalty Kill - 3 Players Forward 
   Forward                                           Time % Phy DF OF 
 1 Chris Neil                                        60     1   2  2  
 2 Ben Street                                        40     1   2  2  

Penalty Kill - 3 Players Defense
   Defense                  Defense                  Time % Phy DF OF 
 1 Stephen Johns            Brian Strait             60     1   2  2  
 2 Deryk Engelland          Greg Zanon               40     1   2  2  

4 vs 4 Forward 
   Center                   Wing                     Time % Phy DF OF 
 1 Chris Neil               Ben Street               60     1   2  2  
 2 Garrett Wilson           Byron Froese             40     1   2  2  

4 vs 4 Defense
   Defense                  Defense                  Time % Phy DF OF 
 1 Martin Gernat            Brian Strait             60     1   2  2  
 2 Deryk Engelland          Greg Zanon               40     1   2  2  

Last Minutes Offensive
   Center                   Left Wing                Right Wing               Defense                  Defense                  
   Ben Street               Garrett Wilson           Deryk Engelland          Greg Zanon               Brian Strait             

Last Minutes Defensive
   Center                   Left Wing                Right Wing               Defense                  Defense                  
   Ben Street               Garrett Wilson           Deryk Engelland          Greg Zanon               Brian Strait             

Goaltenders
Starting : Marek Mazanec            
Backup : Laurent Brossoit         

Extra Forwards
Normal : Deryk Engelland, Tom Sestito, Chris Langkow - PP : Deryk Engelland, Tom Sestito - PK : Chris Langkow
Extra Defensemen
Normal : Martin Gernat, Keegan Lowe, Stephen Johns - PP : Martin Gernat - PK : Keegan Lowe, Stephen Johns
Penalty Shots
Deryk Engelland, Chris Neil, Ben Street, Garrett Wilson, Byron Froese

% Time on Ice - Bears

Lines # - Real PCT - Wanted PCT - Time Play
Normal Forward
1 - 26% - 35% - 10:53
2 - 31% - 30% - 12:58
3 - 33% - 22% - 13:44
4 - 11% - 13% - 4:33
Normal Defense
1 - 31% - 35% - 13:06
2 - 30% - 30% - 12:48
3 - 33% - 22% - 14:04
4 - 5% - 13% - 2:10
PP Forward
1 - 49% - 60% - 3:55
2 - 51% - 40% - 4:02
PP Defense
1 - 65% - 60% - 5:12
2 - 35% - 40% - 2:45
PK Forward
1 - 74% - 60% - 7:19
2 - 26% - 40% - 2:36
PK Defense
1 - 64% - 60% - 6:20
2 - 36% - 40% - 3:35
PK3 Forward
1 - 0% - 60%
2 - 0% - 40%
PK3 Defense
1 - 0% - 60%
2 - 0% - 40%
44 Forward
1 - 100% - 60% - 0:10
2 - 0% - 40% - 0:00
44 Defense
1 - 100% - 60% - 0:10
2 - 0% - 40% - 0:00
Last Minute Offensive  - 0:00
Last Minute Defensive  - 0:00
Total
Forward - 60:10
Defense - 60:10

% Time on Ice - Phantoms

Lines # - Real PCT - Wanted PCT - Time Play
Normal Forward
1 - 28% - 35% - 11:47
2 - 26% - 30% - 10:46
3 - 17% - 22% - 7:08
4 - 30% - 13% - 12:27
Normal Defense
1 - 23% - 35% - 9:36
2 - 33% - 30% - 14:06
3 - 30% - 22% - 12:30
4 - 14% - 13% - 5:56
PP Forward
1 - 58% - 60% - 5:45
2 - 42% - 40% - 4:10
PP Defense
1 - 63% - 60% - 6:14
2 - 37% - 40% - 3:41
PK Forward
1 - 82% - 60% - 6:31
2 - 18% - 40% - 1:26
PK Defense
1 - 71% - 60% - 5:40
2 - 29% - 40% - 2:17
PK3 Forward
1 - 0% - 60%
2 - 0% - 40%
PK3 Defense
1 - 0% - 60%
2 - 0% - 40%
44 Forward
1 - 100% - 60% - 0:10
2 - 0% - 40% - 0:00
44 Defense
1 - 100% - 60% - 0:10
2 - 0% - 40% - 0:00
Last Minute Offensive  - 0:00
Last Minute Defensive  - 0:00
Total
Forward - 60:10
Defense - 60:10

Play by Play

1st period


0:01 of 1st period - Marko Dano wins face-off versus Garrett Wilson in neutral zone.
0:30 of 1st period - Slapshot by Jeremy Langlois.
0:30 of 1st period - Stopped by Marek Mazanec with a rebound.
0:32 of 1st period - Wrist shot by Jeremy Langlois.
0:32 of 1st period - Shot Misses the Net.
0:34 of 1st period - Slapshot by Philip Samuelsson.
0:34 of 1st period - Deflect By Kyle Clifford.
0:34 of 1st period - Stopped by Marek Mazanec with a rebound.
0:36 of 1st period - Snap shot by Kyle Clifford.
0:36 of 1st period - Stopped by Marek Mazanec with a rebound.
0:52 of 1st period - Philip Samuelsson is hit by Bryan Lerg and loses puck.
1:55 of 1st period - Slapshot by Jesse Root.
1:55 of 1st period - Stopped by Marek Mazanec with a rebound.
1:57 of 1st period - Snap shot by Jesse Root.
1:57 of 1st period - Stopped by Marek Mazanec without a rebound.
1:57 of 1st period - Deryk Engelland and Matt Carkner fight to a draw.
1:57 of 1st period - Penalty to Deryk Engelland for Fighting.
1:57 of 1st period - Penalty to Matt Carkner for Fighting.
1:58 of 1st period - Kyle Clifford wins face-off versus Byron Froese in Phantoms zone.
2:19 of 1st period - Slapshot by Marko Dano.
2:19 of 1st period - Shot Blocked by Martin Gernat.
2:45 of 1st period - Kyle Clifford is hit by Keegan Lowe and loses puck.
2:52 of 1st period - Snap shot by Steve MacIntyre.
2:52 of 1st period - Shot Blocked by Ludwig Bystrom.
2:54 of 1st period - Slapshot by Greg Zanon.
2:54 of 1st period - Stopped by John Gibson with a rebound.
2:56 of 1st period - Slapshot by Greg Zanon.
2:56 of 1st period - Shot Blocked by Ludwig Bystrom.
2:58 of 1st period - Snap shot by Steve MacIntyre.
2:58 of 1st period - Shot Misses the Net.
3:00 of 1st period - Snap shot by Steve MacIntyre.
3:00 of 1st period - Deflect By Tom Sestito.
3:00 of 1st period - Shot Blocked by Ludwig Bystrom.
3:00 of 1st period - Puck is out of play.
3:01 of 1st period - Jesse Root wins face-off versus Ben Street in Bears zone.
3:10 of 1st period - Slapshot by Kyle Cumiskey.
3:10 of 1st period - Shot Blocked by Greg Zanon.
3:12 of 1st period - Wrist shot by Justin Florek.
3:12 of 1st period - Shot Blocked by Brian Strait.
3:14 of 1st period - Wrist shot by Jesse Root.
3:14 of 1st period - Shot Blocked by Brian Strait.
3:16 of 1st period - Slapshot by Kyle Cumiskey.
3:16 of 1st period - Shot Blocked by Greg Zanon.
3:18 of 1st period - Wrist shot by Jesse Root.
3:18 of 1st period - Shot Blocked by Brian Strait.
3:20 of 1st period - Snap shot by Jesse Root.
3:20 of 1st period - Shot Misses the Net.
3:22 of 1st period - Slapshot by Kyle Cumiskey.
3:22 of 1st period - Shot Misses the Net.
3:24 of 1st period - Wrist shot by Jesse Root.
3:24 of 1st period - Stopped by Marek Mazanec with a rebound.
3:26 of 1st period - Wrist shot by Patrick Holland.
3:26 of 1st period - Stopped by Marek Mazanec with a rebound.
3:34 of 1st period - Snap shot by Jesse Root.
3:34 of 1st period - Stopped by Marek Mazanec without a rebound.
3:35 of 1st period - Tyler Brown wins face-off versus Nathan Longpre in Phantoms zone.
4:02 of 1st period - Snap shot by Steve MacIntyre.
4:02 of 1st period - Shot Misses the Net.
4:04 of 1st period - Slapshot by Brian Strait.
4:04 of 1st period - Stopped by John Gibson without a rebound.
4:05 of 1st period - Byron Froese wins face-off versus Marko Dano in Bears zone.
4:19 of 1st period - Backhand shot by Marko Dano.
4:19 of 1st period - Shot Blocked by Bryan Lerg.
4:21 of 1st period - Wrist shot by Kyle Clifford.
4:21 of 1st period - Deflect By Marko Dano.
4:21 of 1st period - Stopped by Marek Mazanec with a rebound.
4:23 of 1st period - Wrist shot by Kyle Clifford.
4:23 of 1st period - Stopped by Marek Mazanec with a rebound.
4:52 of 1st period - Icing by Jesse Root.
4:53 of 1st period - Ben Street wins face-off versus Jesse Root in Bears zone.
5:45 of 1st period - Wrist shot by Brian Strait.
5:45 of 1st period - Deflect By Chad LaRose.
5:45 of 1st period - Stopped by John Gibson without a rebound.
5:46 of 1st period - Nathan Longpre wins face-off versus Marko Dano in Bears zone.
6:00 of 1st period - Slapshot by Brian Strait.
6:00 of 1st period - Stopped by John Gibson with a rebound.
6:02 of 1st period - Slapshot by Brian Strait.
6:02 of 1st period - Shot Misses the Net.
6:04 of 1st period - Slapshot by Brian Strait.
6:04 of 1st period - Shot Blocked by Kyle Clifford.
6:33 of 1st period - Steve MacIntyre is hit by Julian Melchiori and loses puck.
6:40 of 1st period - Steve MacIntyre is hit by Stefan Matteau.
6:46 of 1st period - Stephen Johns is hit by Chad LaRose.
6:59 of 1st period - Icing by Greg Zanon.
7:00 of 1st period - Patrick Holland wins face-off versus Byron Froese in Phantoms zone.
7:07 of 1st period - Slapshot by Jesse Root.
7:07 of 1st period - Shot Blocked by Stephen Johns.
7:24 of 1st period - Icing by Chris Neil.
7:25 of 1st period - Byron Froese wins face-off versus Marko Dano in Phantoms zone.
7:33 of 1st period - Minor Penalty to Kyle Clifford for Boarding.
7:34 of 1st period - Jesse Root wins face-off versus Ben Street in Bears zone.
8:38 of 1st period - Marko Dano is hit by Brian Strait and loses puck.
8:51 of 1st period - Marko Dano is hit by Greg Zanon and loses puck.
9:10 of 1st period - Wrist shot by Garrett Wilson.
9:10 of 1st period - Shot Misses the Net.
9:12 of 1st period - Wrist shot by Garrett Wilson.
9:12 of 1st period - Stopped by John Gibson with a rebound.
9:14 of 1st period - Slapshot by Deryk Engelland.
9:14 of 1st period - Deflect By Garrett Wilson.
9:14 of 1st period - Shot Blocked by Justin Florek.
9:14 of 1st period - Puck is out of play.
9:15 of 1st period - Stefan Matteau wins face-off versus Ben Street in Bears zone.
9:33 of 1st period - Penalty to Kyle Clifford is over, Kyle Clifford is back on ice.
10:06 of 1st period - Wrist shot by Chad LaRose.
10:06 of 1st period - Deflect By Stefan Matteau.
10:06 of 1st period - Shot Blocked by Stephen Johns.
10:06 of 1st period - Puck is out of play.
10:07 of 1st period - Jesse Root wins face-off versus Nathan Longpre in Phantoms zone.
10:14 of 1st period - Slapshot by Justin Florek.
10:14 of 1st period - Shot Blocked by Steve MacIntyre.
10:20 of 1st period - Nathan Longpre is hit by Matt Carkner and loses puck.
10:47 of 1st period - Kyle Cumiskey is hit by Byron Froese and loses puck.
11:49 of 1st period - Kyle Clifford is hit by Tom Sestito and loses puck.
11:58 of 1st period - Snap shot by Kyle Clifford.
11:58 of 1st period - Shot Misses the Net.
12:10 of 1st period - Snap shot by Marko Dano.
12:10 of 1st period - Shot Blocked by Martin Gernat.
13:32 of 1st period - Justin Florek is hit by Keegan Lowe and loses puck.
13:56 of 1st period - Greg Zanon is hit by Philip Samuelsson and loses puck.
14:44 of 1st period - Stephen Johns is hit by Matt Carkner and loses puck.
15:18 of 1st period - Icing by Nathan McIver.
15:19 of 1st period - Byron Froese wins face-off versus Marko Dano in Bears zone.
15:46 of 1st period - Ludwig Bystrom is hit by Stephen Johns and loses puck.
15:47 of 1st period - Ludwig Bystrom from Bears is injured at 15:47 of 1st period (Sprained Left Ankle).
15:48 of 1st period - Marko Dano wins face-off versus Chris Langkow in Bears zone.
15:48 of 1st period - Marko Dano is hit by Deryk Engelland.
16:03 of 1st period - Icing by Brandon Burlon.
16:04 of 1st period - Chris Langkow wins face-off versus Marko Dano in Bears zone.
16:12 of 1st period - Minor Penalty to Brandon Burlon for Hooking.
16:13 of 1st period - Ben Street wins face-off versus Kyle Clifford in Bears zone.
18:12 of 1st period - Penalty to Brandon Burlon is over, Brandon Burlon is back on ice.
18:19 of 1st period - Wrist shot by Chris Neil.
18:19 of 1st period - Shot Blocked by Kyle Cumiskey.
18:21 of 1st period - Slapshot by Stephen Johns.
18:21 of 1st period - Shot Blocked by Kyle Cumiskey.
18:40 of 1st period - Deryk Engelland is hit by Matt Carkner.
19:14 of 1st period - Slapshot by Keegan Lowe.
19:14 of 1st period - Shot Blocked by Jesse Root.
19:16 of 1st period - Wrist shot by Nathan Longpre.
19:16 of 1st period - Stopped by John Gibson with a rebound.
19:18 of 1st period - Slapshot by Martin Gernat.
19:18 of 1st period - Shot Blocked by Justin Florek.
19:20 of 1st period - Snap shot by Nathan Longpre.
19:20 of 1st period - Shot Blocked by Julian Melchiori.
19:22 of 1st period - Slapshot by Martin Gernat.
19:22 of 1st period - Stopped by John Gibson with a rebound.
19:38 of 1st period - Wrist shot by Chris Neil.
19:38 of 1st period - Stopped by John Gibson with a rebound.
19:40 of 1st period - Wrist shot by Chris Neil.
19:40 of 1st period - Stopped by John Gibson without a rebound.
19:41 of 1st period - Byron Froese wins face-off versus Tyler Brown in Bears zone.
Goals for this period are 0 for Bears vs 0 for Phantoms.
Shots for this period are 10 for Bears vs 9 for Phantoms.

2nd period


0:01 of 2nd period - Jeremy Langlois wins face-off versus Ben Street in neutral zone.
0:14 of 2nd period - Snap shot by Kyle Clifford.
0:14 of 2nd period - Deflect By Brian Strait.
0:14 of 2nd period - Goal by Kyle Clifford - Bears : 1 - Phantoms : 0.
0:15 of 2nd period - Ben Street wins face-off versus Marko Dano in neutral zone.
0:17 of 2nd period - Double Minor Penalty to Garrett Wilson for Roughing.
0:18 of 2nd period - Marko Dano wins face-off versus Chris Neil in Phantoms zone.
0:36 of 2nd period - Snap shot by Chris Neil.
0:36 of 2nd period - Shot Blocked by Brandon Burlon.
1:09 of 2nd period - Ben Street is hit by Philip Samuelsson and loses puck.
2:40 of 2nd period - Stephen Johns is hit by Brandon Burlon and loses puck.
4:17 of 2nd period - Penalty to Garrett Wilson is over, Garrett Wilson is back on ice.
5:27 of 2nd period - Snap shot by Nathan Longpre.
5:27 of 2nd period - Deflect By Chris Langkow.
5:27 of 2nd period - Stopped by John Gibson without a rebound.
5:28 of 2nd period - Nathan Longpre wins face-off versus Jesse Root in Bears zone.
5:33 of 2nd period - Snap shot by Nathan Longpre.
5:33 of 2nd period - Shot Misses the Net.
5:35 of 2nd period - Wrist shot by Nathan Longpre.
5:35 of 2nd period - Stopped by John Gibson with a rebound.
5:37 of 2nd period - Slapshot by Martin Gernat.
5:37 of 2nd period - Deflect By Steve MacIntyre.
5:37 of 2nd period - Shot Misses the Net.
5:37 of 2nd period - Puck is out of play.
5:38 of 2nd period - Ben Street wins face-off versus Marko Dano in Bears zone.
6:48 of 2nd period - Icing by Jesse Root.
6:49 of 2nd period - Chris Langkow wins face-off versus Jesse Root in Bears zone.
7:07 of 2nd period - Wrist shot by Stu Bickel.
7:07 of 2nd period - Stopped by John Gibson without a rebound.
7:08 of 2nd period - Nathan Longpre wins face-off versus Marko Dano in Bears zone.
7:36 of 2nd period - Icing by Greg Zanon.
7:37 of 2nd period - Byron Froese wins face-off versus Kyle Clifford in Phantoms zone.
8:53 of 2nd period - Jeremy Langlois is hit by Garrett Wilson and loses puck.
9:24 of 2nd period - Icing by Martin Gernat.
9:25 of 2nd period - Jesse Root wins face-off versus Byron Froese in Phantoms zone.
9:26 of 2nd period - Snap shot by Justin Florek.
9:26 of 2nd period - Shot Misses the Net.
10:24 of 2nd period - Wrist shot by Kyle Clifford.
10:24 of 2nd period - Shot Blocked by Byron Froese.
11:37 of 2nd period - Icing by Martin Gernat.
11:38 of 2nd period - Nathan Longpre wins face-off versus Tyler Brown in Phantoms zone.
11:53 of 2nd period - Brandon Burlon is hit by Keegan Lowe and loses puck.
12:19 of 2nd period - Snap shot by Garrett Wilson.
12:19 of 2nd period - Stopped by John Gibson with a rebound.
12:53 of 2nd period - Jeremy Langlois is hit by Tom Sestito and loses puck.
13:22 of 2nd period - Wrist shot by David Dziurzynski.
13:22 of 2nd period - Stopped by Marek Mazanec with a rebound.
14:12 of 2nd period - Jesse Root is hit by Stu Bickel and loses puck.
14:29 of 2nd period - Snap shot by Chris Neil.
14:29 of 2nd period - Shot Misses the Net.
14:35 of 2nd period - Snap shot by Chris Neil.
14:35 of 2nd period - Shot Misses the Net.
15:24 of 2nd period - Wrist shot by Ben Street.
15:24 of 2nd period - Shot Misses the Net.
15:26 of 2nd period - Wrist shot by Ben Street.
15:26 of 2nd period - Shot Misses the Net.
15:28 of 2nd period - Wrist shot by Ben Street.
15:28 of 2nd period - Shot Blocked by Stefan Matteau.
15:50 of 2nd period - Snap shot by Kyle Clifford.
15:50 of 2nd period - Shot Misses the Net.
15:58 of 2nd period - Kyle Clifford is hit by Chris Neil and loses puck.
17:03 of 2nd period - Keegan Lowe is hit by David Dziurzynski and loses puck.
17:11 of 2nd period - Deryk Engelland and Matt Carkner fight to a draw.
17:11 of 2nd period - Penalty to Deryk Engelland for Fighting.
17:11 of 2nd period - Penalty to Matt Carkner for Fighting.
17:12 of 2nd period - Jesse Root wins face-off versus Byron Froese in Phantoms zone.
17:25 of 2nd period - Wrist shot by Chris Neil.
17:25 of 2nd period - Stopped by John Gibson without a rebound.
17:26 of 2nd period - Chris Neil wins face-off versus Jesse Root in Bears zone.
17:27 of 2nd period - Snap shot by Byron Froese.
17:27 of 2nd period - Deflect By Bryan Lerg.
17:27 of 2nd period - Shot Blocked by Kyle Cumiskey.
17:27 of 2nd period - Puck is out of play.
17:28 of 2nd period - Jesse Root wins face-off versus Byron Froese in Bears zone.
17:55 of 2nd period - Justin Florek is hit by Garrett Wilson and loses puck.
18:24 of 2nd period - Stephen Johns is hit by Jeremy Langlois and loses puck.
18:57 of 2nd period - Snap shot by Kyle Cumiskey.
18:57 of 2nd period - Shot Blocked by Stephen Johns.
18:59 of 2nd period - Minor Penalty to Steve MacIntyre for Cross-checking.
19:00 of 2nd period - Marko Dano wins face-off versus Chris Neil in Phantoms zone.
19:01 of 2nd period - Wrist shot by Kyle Clifford.
19:01 of 2nd period - Stopped by Marek Mazanec with a rebound.
19:03 of 2nd period - Wrist shot by Jeremy Langlois.
19:03 of 2nd period - Deflect By Kyle Clifford.
19:03 of 2nd period - Shot Hit the Post.
19:03 of 2nd period - Puck is out of play.
19:04 of 2nd period - Chris Neil wins face-off versus Marko Dano in Phantoms zone.
19:25 of 2nd period - Wrist shot by Chris Neil.
19:25 of 2nd period - Stopped by John Gibson with a rebound.
Goals for this period are 1 for Bears vs 0 for Phantoms.
Shots for this period are 3 for Bears vs 6 for Phantoms.

3rd period


0:01 of 3rd period - Chris Neil wins face-off versus Kyle Clifford in neutral zone.
0:04 of 3rd period - Slapshot by Brian Strait.
0:04 of 3rd period - Stopped by John Gibson with a rebound.
0:59 of 3rd period - Penalty to Steve MacIntyre is over, Steve MacIntyre is back on ice.
1:11 of 3rd period - Minor Penalty to Brandon Burlon for Goalie Interference.
1:12 of 3rd period - Ben Street wins face-off versus Kyle Clifford in Bears zone.
2:11 of 3rd period - Penalty to Matt Carkner is over, Matt Carkner is back on ice.
2:17 of 3rd period - Matt Carkner is hit by Tom Sestito.
3:11 of 3rd period - Penalty to Brandon Burlon is over, Brandon Burlon is back on ice.
3:34 of 3rd period - Minor Penalty to Keegan Lowe for Checking from behind.
3:35 of 3rd period - Tyler Brown wins face-off versus Chris Neil in Phantoms zone.
4:21 of 3rd period - Brian Strait is hit by Stefan Matteau and loses puck.
4:53 of 3rd period - Kyle Clifford is hit by Stephen Johns and loses puck.
5:34 of 3rd period - Penalty to Keegan Lowe is over, Keegan Lowe is back on ice.
5:40 of 3rd period - Slapshot by Jeremy Langlois.
5:40 of 3rd period - Shot Misses the Net.
5:54 of 3rd period - Wrist shot by Deryk Engelland.
5:54 of 3rd period - Shot Hit the Post.
5:56 of 3rd period - Slapshot by Steve MacIntyre.
5:56 of 3rd period - Stopped by John Gibson with a rebound.
5:58 of 3rd period - Slapshot by Deryk Engelland.
5:58 of 3rd period - Stopped by John Gibson with a rebound.
6:00 of 3rd period - Slapshot by Deryk Engelland.
6:00 of 3rd period - Deflect By Nathan Longpre.
6:00 of 3rd period - Shot Blocked by Nathan McIver.
6:00 of 3rd period - Puck is out of play.
6:01 of 3rd period - Nathan Longpre wins face-off versus Jesse Root in Bears zone.
6:12 of 3rd period - Wrist shot by Deryk Engelland.
6:12 of 3rd period - Shot Misses the Net.
6:14 of 3rd period - Snap shot by Steve MacIntyre.
6:14 of 3rd period - Shot Misses the Net.
6:27 of 3rd period - Deryk Engelland and Justin Florek fight to a draw.
6:27 of 3rd period - Penalty to Deryk Engelland for Fighting.
6:27 of 3rd period - Deryk Engelland is ejected from game.
6:27 of 3rd period - Penalty to Justin Florek for Fighting.
6:27 of 3rd period - Penalty to Deryk Engelland for instigated a fight.
6:27 of 3rd period - Penalty to Deryk Engelland for instigated a fight.
6:28 of 3rd period - Jesse Root wins face-off versus Chris Langkow in neutral zone.
6:45 of 3rd period - Wrist shot by Chris Neil.
6:45 of 3rd period - Shot Misses the Net.
6:47 of 3rd period - Snap shot by Chris Neil.
6:47 of 3rd period - Shot Blocked by Patrick Holland.
7:01 of 3rd period - Snap shot by Nathan Longpre.
7:01 of 3rd period - Shot Misses the Net.
7:07 of 3rd period - Slapshot by Martin Gernat.
7:07 of 3rd period - Deflect By Jesse Root.
7:07 of 3rd period - Stopped by John Gibson without a rebound.
7:08 of 3rd period - Tyler Brown wins face-off versus Nathan Longpre in Bears zone.
7:17 of 3rd period - Slapshot by Kyle Cumiskey.
7:17 of 3rd period - Stopped by Marek Mazanec with a rebound.
7:20 of 3rd period - Steve MacIntyre and Matt Carkner fight to a draw.
7:20 of 3rd period - Penalty to Steve MacIntyre for Fighting.
7:20 of 3rd period - Penalty to Matt Carkner for Fighting.
7:20 of 3rd period - Matt Carkner is ejected from game.
7:21 of 3rd period - Ben Street wins face-off versus Marko Dano in neutral zone.
7:27 of 3rd period - Icing by Garrett Wilson.
7:28 of 3rd period - Ben Street wins face-off versus Marko Dano in Phantoms zone.
7:39 of 3rd period - Wrist shot by Ben Street.
7:39 of 3rd period - Stopped by John Gibson with a rebound.
7:41 of 3rd period - Slapshot by Keegan Lowe.
7:41 of 3rd period - Stopped by John Gibson with a rebound.
7:43 of 3rd period - Slapshot by Tom Sestito.
7:43 of 3rd period - Shot Misses the Net.
7:45 of 3rd period - Snap shot by Garrett Wilson.
7:45 of 3rd period - Shot Blocked by Kyle Cumiskey.
7:47 of 3rd period - Snap shot by Garrett Wilson.
7:47 of 3rd period - Stopped by John Gibson without a rebound.
7:48 of 3rd period - Byron Froese wins face-off versus Tyler Brown in Bears zone.
7:54 of 3rd period - Minor Penalty to Brandon Burlon for Hooking.
7:55 of 3rd period - Kyle Clifford wins face-off versus Ben Street in Bears zone.
7:55 of 3rd period - Kyle Clifford is hit by Garrett Wilson.
9:40 of 3rd period - Slapshot by Stephen Johns.
9:40 of 3rd period - Shot Blocked by Kyle Cumiskey.
9:47 of 3rd period - Icing by Stephen Johns.
9:48 of 3rd period - Ben Street wins face-off versus Jesse Root in Phantoms zone.
9:54 of 3rd period - Penalty to Brandon Burlon is over, Brandon Burlon is back on ice.
10:23 of 3rd period - Wrist shot by Nathan Longpre.
10:23 of 3rd period - Shot Misses the Net.
10:25 of 3rd period - Slapshot by Martin Gernat.
10:25 of 3rd period - Shot Misses the Net.
10:27 of 3rd period - Snap shot by Chris Neil.
10:27 of 3rd period - Goal by Chris Neil - Bears : 1 - Phantoms : 1.
10:28 of 3rd period - Chris Langkow wins face-off versus Tyler Brown in neutral zone.
10:31 of 3rd period - Slapshot by Brian Strait.
10:31 of 3rd period - Shot Blocked by Stefan Matteau.
10:44 of 3rd period - Minor Penalty to Philip Samuelsson for Interference.
10:45 of 3rd period - Kyle Clifford wins face-off versus Ben Street in Bears zone.
11:10 of 3rd period - Snap shot by Marko Dano.
11:10 of 3rd period - Deflect By Kyle Clifford.
11:10 of 3rd period - Shot Blocked by Tom Sestito.
11:10 of 3rd period - Puck is out of play.
11:11 of 3rd period - Ben Street wins face-off versus Kyle Clifford in Phantoms zone.
11:20 of 3rd period - Slapshot by Brian Strait.
11:20 of 3rd period - Shot Misses the Net.
11:27 of 3rd period - Penalty to Justin Florek is over, Justin Florek is back on ice.
11:48 of 3rd period - Slapshot by Marko Dano.
11:48 of 3rd period - Stopped by Marek Mazanec with a rebound.
11:50 of 3rd period - Slapshot by Nathan McIver.
11:50 of 3rd period - Shot Blocked by Martin Gernat.
11:52 of 3rd period - Slapshot by Nathan McIver.
11:52 of 3rd period - Stopped by Marek Mazanec with a rebound.
11:54 of 3rd period - Snap shot by Kyle Clifford.
11:54 of 3rd period - Shot Misses the Net.
12:20 of 3rd period - Penalty to Matt Carkner is over, Jesse Root is send on ice.
12:51 of 3rd period - Greg Zanon is hit by Stefan Matteau and loses puck.
13:39 of 3rd period - Snap shot by Steve MacIntyre.
13:39 of 3rd period - Deflect By Nathan Longpre.
13:39 of 3rd period - Stopped by John Gibson with a rebound.
15:02 of 3rd period - Chad LaRose is hit by Stu Bickel and loses puck.
15:11 of 3rd period - Wrist shot by Tyler Brown.
15:11 of 3rd period - Stopped by Marek Mazanec with a rebound.
15:13 of 3rd period - Snap shot by Chad LaRose.
15:13 of 3rd period - Deflect By Tyler Brown.
15:13 of 3rd period - Shot Misses the Net.
15:13 of 3rd period - Puck is out of play.
15:14 of 3rd period - Tyler Brown wins face-off versus Ben Street in Phantoms zone.
15:59 of 3rd period - Snap shot by Steve MacIntyre.
15:59 of 3rd period - Shot Misses the Net.
16:23 of 3rd period - Slapshot by Brandon Burlon.
16:23 of 3rd period - Shot Misses the Net.
16:25 of 3rd period - Wrist shot by Chad LaRose.
16:25 of 3rd period - Shot Blocked by Byron Froese.
17:18 of 3rd period - Slapshot by Brian Strait.
17:18 of 3rd period - Stopped by John Gibson without a rebound.
17:19 of 3rd period - Nathan Longpre wins face-off versus Jesse Root in Bears zone.
17:20 of 3rd period - Backhand shot by Steve MacIntyre.
17:20 of 3rd period - Stopped by John Gibson with a rebound.
17:36 of 3rd period - Wrist shot by Garrett Wilson.
17:36 of 3rd period - Stopped by John Gibson with a rebound.
17:38 of 3rd period - Wrist shot by Garrett Wilson.
17:38 of 3rd period - Stopped by John Gibson without a rebound.
17:39 of 3rd period - Jesse Root wins face-off versus Ben Street in Bears zone.
18:59 of 3rd period - Wrist shot by Ben Street.
18:59 of 3rd period - Stopped by John Gibson with a rebound.
19:21 of 3rd period - Justin Florek is hit by Stu Bickel and loses puck.
19:48 of 3rd period - Keegan Lowe is hit by Nathan McIver and loses puck.
19:53 of 3rd period - Slapshot by Andreas Athanasiou.
19:53 of 3rd period - Shot Misses the Net.
19:55 of 3rd period - Wrist shot by Andreas Athanasiou.
19:55 of 3rd period - Stopped by Marek Mazanec with a rebound.
Goals for this period are 0 for Bears vs 1 for Phantoms.
Shots for this period are 5 for Bears vs 14 for Phantoms.

Overtime #1


0:01 of 1st overtime period - Kyle Clifford wins face-off versus Chris Neil in neutral zone.
0:06 of 1st overtime period - Wrist shot by Marko Dano.
0:06 of 1st overtime period - Stopped by Marek Mazanec with a rebound.
0:08 of 1st overtime period - Backhand shot by Brandon Burlon.
0:08 of 1st overtime period - Shot Blocked by Chris Neil.
0:10 of 1st overtime period - Wrist shot by Marko Dano.
0:10 of 1st overtime period - Goal by Marko Dano - Bears : 2 - Phantoms : 1.
Goals for this period are 1 for Bears vs 0 for Phantoms.
Shots for this period are 2 for Bears vs 0 for Phantoms.